Map: Redstorm

Players

Daljones

  • Race: Zerg Zerg
  • League: Platinum
  • Spawn Location: 1:00

Arrrds

  • Race: Terran Terran
  • Spawn Location: 1:00

AquAblAck - Winner!

  • Race: Zerg Zerg
  • League: Diamond
  • Spawn Location: 7:00

Sketchaphone - Winner!

  • Race: Zerg Zerg
  • League: Gold
  • Spawn Location: 7:00

VOD

Have the link to the VOD?

Description

Time

  • Played on: Nov. 10, 2018, 5:19 p.m.
  • Length: 10:44
Show
View Real Time Build Order
Export as new Build Order

Daljones Zerg 

Build Orders: Hatch First 

Get SALT Encoding   

  12  0:01  Drone  
  13  0:13  Overlord  
  13  0:18  Drone  
  14  0:33  Drone x2  
  16  0:41  Drone  
  17  0:56  Hatchery  
  16  1:01  Drone x2  
  18  1:16  Spawning Pool  
  17  1:19  Drone  
  18  1:39  Extractor  
  17  1:41  Drone x2  
  17  1:44  Overlord  
  19  2:13  Queen  
  19  2:15  Queen, Drone x3  
  26  2:16  Drone  
  27  2:41  Drone  
  27  2:42  Drone x3  
  27  2:44  Drone  
  32  2:54  Drone  
  32  2:55  Drone  
  32  2:56  Queen  
  36  2:59  Overlord  
  36  3:19  Zergling x2  
  38  3:20  Zergling x2  
  38  3:25  Lair  
  38  3:26  Roach Warren  
  37  3:30  Evolution Chamber  
  36  3:38  Spine Crawler  
  35  3:42  Drone x2  
  35  3:43  Drone x3  
  35  3:47  Extractor  
  39  3:48  Extractor  
  38  4:00  Zerg Missile Weapons Level 1  
  38  4:03  Drone x3  
  38  4:04  Drone  
  38  4:05  Drone x2  
  38  4:08  Overlord x3  
  38  4:09  Overlord  
  44  4:30  Roach x5  
  54  4:32  Roach  
  56  4:39  Roach x3  
  56  4:43  Glial Reconstitution  
  62  4:47  Roach  
  62  4:48  Overlord  
  64  4:54  Roach  
  64  4:56  Roach  
  67  5:20  Roach x7  
  81  5:39  Roach  
  83  5:55  Overlord x4  
  83  6:01  Zerg Missile Weapons Level 2  
  82  6:20  Roach x7  
  96  6:40  Roach x7  
  110  6:47  Extractor  
  110  6:48  Hydralisk Den  
  108  7:04  Ravager  
  108  7:05  Ravager x2  
  108  7:07  Roach x2  
  115  7:16  Hatchery  
  78  7:50  Roach  
  78  7:51  Roach x12  
  71  8:08  Roach x5  
  79  8:13  Roach  
  81  8:25  Hydralisk x2  
  81  8:26  Hydralisk x2  
  89  8:39  Ravager  
  92  8:41  Roach  
  81  9:07  Roach x9  
  97  9:14  Roach  
  97  9:15  Roach  
  101  9:24  Roach x3  
  63  9:54  Roach  
  63  9:55  Roach x8  
  79  10:08  Roach  
  79  10:09  Roach x5  
  89  10:23  Roach x3  
Show
View Real Time Build Order
Export as new Build Order

Arrrds Terran 

Build Orders:  

Get SALT Encoding   

  12  0:01  SCV  
  13  0:14  SCV  
  14  0:26  SCV  
  15  0:36  Supply Depot  
  15  0:53  Refinery  
  15  0:58  SCV  
  15  1:00  Supply Depot  
  15  1:03  Barracks  
  16  1:10  SCV  
  17  1:22  SCV  
  18  1:34  SCV  
  19  1:46  SCV  
  19  1:56  Marine  
  20  2:14  Marine  
  20  2:15  SCV  
  22  2:18  Refinery  
  22  2:27  Supply Depot, SCV  
  23  2:32  Marine  
  24  2:39  Engineering Bay, SCV  
  25  2:50  Marine  
  26  2:51  Factory, SCV  
  27  3:03  SCV, Supply Depot  
  28  3:08  Marine  
  29  3:24  Command Center  
  29  3:25  Marine  
  30  3:43  Marine  
  30  3:58  Factory Reactor  
  30  4:06  Armory, Terran Infantry Weapons Level 1  
  30  4:28  Barracks Reactor  
  30  4:31  SCV  
  31  4:35  Barracks  
  33  4:38  Hellion  
  33  4:39  Hellion  
  37  5:00  Hellion x2  
  37  5:01  SCV  
  37  5:04  Refinery  
  34  5:13  SCV  
  36  5:21  Hellion x2  
  36  5:25  SCV  
  39  5:37  SCV  
  44  5:43  Hellbat x2  
  44  5:47  Factory, Terran Vehicle And Ship Armor Level 1  
  45  5:50  Supply Depot, SCV  
  45  5:52  Marine, Barracks Tech Lab  
  45  5:53  Marine  
  47  6:02  SCV  
  50  6:04  Hellbat  
  50  6:07  Supply Depot  
  50  6:12  SCV  
  50  6:14  SCV  
  52  6:26  SCV  
  49  6:43  Combat Shield  
  49  6:44  Marine x2  
  51  6:47  Marauder  
  51  6:53  Factory Tech Lab  
  53  6:57  SCV  
  54  7:02  Marine x2  
  56  7:09  Marauder, SCV  
  59  7:19  Marine  
  59  7:20  Marine  
  59  7:21  SCV  
  62  7:30  Marauder  
  62  7:33  SCV  
  63  7:37  Marine x2  
  63  7:40  Thor  
  69  7:45  SCV  
  70  7:57  SCV  
  53  8:13  Missile Turret  
  53  8:23  Thor  
  53  8:26  Hellbat  
  53  8:27  Hellbat  
  63  8:46  Marine  
  63  8:47  Marine  
  63  8:48  Hellbat x2  
  69  9:04  Marine x2  
  69  9:05  Thor  
  77  9:18  Bunker  
  77  9:22  Marine  
  78  9:36  Command Center  
  78  9:59  Marine  
  78  10:00  Marine  
  77  10:16  Hellbat, Marine  
  77  10:17  Hellbat  
  76  10:24  Supply Depot  
Show
View Real Time Build Order
Export as new Build Order

AquAblAck Zerg - Winner!

Build Orders: Hatch First 

Get SALT Encoding   

  12  0:01  Drone  
  13  0:12  Overlord  
  13  0:17  Drone  
  14  0:30  Drone x2  
  14  0:34  Drone  
  17  0:53  Hatchery  
  17  0:55  Drone  
  17  1:01  Drone  
  18  1:06  Extractor  
  17  1:14  Spawning Pool  
  17  1:17  Drone  
  17  1:21  Drone  
  18  1:30  Drone  
  19  1:43  Drone  
  20  1:50  Overlord  
  20  2:00  Drone  
  21  2:06  Queen x2  
  25  2:09  Metabolic Boost  
  25  2:15  Drone x2  
  27  2:25  Drone  
  27  2:27  Drone  
  29  2:30  Zergling x2  
  29  2:35  Zergling x2  
  31  2:37  Drone  
  32  2:45  Queen  
  32  2:47  Drone  
  35  2:52  Overlord  
  35  2:56  Drone  
  36  3:05  Overlord  
  36  3:11  Drone x2  
  38  3:15  Drone x2  
  38  3:18  Drone x3  
  43  3:26  Zergling x2  
  43  3:28  Drone x3  
  46  3:36  Drone  
  47  3:43  Drone  
  48  3:55  Extractor x2  
  47  3:57  Zergling x2  
  47  3:58  Zergling x6  
  50  4:06  Drone x2, Hatchery  
  50  4:09  Evolution Chamber  
  50  4:10  Overlord, Evolution Chamber  
  50  4:11  Overlord  
  50  4:12  Drone  
  50  4:16  Queen  
  52  4:39  Zerg Missile Weapons Level 1, Zerg Ground Armor Level 1  
  52  4:40  Lair  
  52  4:42  Drone x2, Extractor  
  53  4:45  Drone  
  53  4:46  Drone x3  
  57  4:58  Drone x4  
  58  5:07  Zergling x4  
  58  5:17  Zergling x10  
  63  5:35  Spine Crawler  
  62  5:37  Spine Crawler  
  62  5:41  Hydralisk Den  
  60  5:44  Zergling x8  
  60  5:45  Overlord x2, Zergling x4  
  60  5:46  Overlord, Roach Warren  
  65  5:55  Queen  
  67  5:58  Spine Crawler  
  67  5:59  Spine Crawler  
  64  6:26  Roach x12  
  64  6:30  Hydralisk  
  64  6:31  Hydralisk x2  
  93  6:42  Roach x2  
  97  6:47  Zerg Missile Weapons Level 2, Zerg Ground Armor Level 2  
  97  6:53  Drone  
  98  6:54  Overlord  
  95  7:11  Hydralisk  
  95  7:13  Roach x4  
  93  7:26  Roach x6  
  90  7:33  Roach x3  
  88  7:46  Roach  
  88  7:47  Roach x4  
  90  7:54  Roach x2  
  76  8:09  Queen x3  
  82  8:14  Roach  
  82  8:15  Roach  
  82  8:17  Glial Reconstitution  
  86  8:20  Drone  
  85  8:58  Roach x10  
  96  9:12  Roach x7  
  102  9:32  Roach x2  
  102  9:33  Overlord  
  102  9:34  Overlord x3  
  106  9:45  Hydralisk  
  106  10:03  Drone x6  
  112  10:10  Hydralisk x7  
  126  10:17  Ravager  
  126  10:18  Ravager x2  
  113  10:30  Drone x3  
  113  10:31  Drone  
  112  10:38  Hatchery  
Show
View Real Time Build Order
Export as new Build Order

Sketchaphone Zerg - Winner!

Build Orders: Hatch First 

Get SALT Encoding   

  12  0:01  Drone  
  13  0:14  Overlord  
  13  0:18  Drone  
  14  0:33  Drone x2  
  16  0:46  Drone  
  17  0:58  Hatchery  
  16  1:14  Spawning Pool  
  16  1:15  Extractor  
  14  1:22  Drone  
  15  1:36  Overlord  
  15  1:37  Drone  
  16  1:44  Drone  
  17  1:48  Drone  
  18  2:05  Queen  
  20  2:09  Overlord  
  20  2:12  Queen  
  22  2:21  Metabolic Boost  
  21  2:25  Drone  
  21  2:28  Drone  
  23  2:36  Drone  
  24  2:38  Drone  
  25  2:47  Zergling x6  
  25  2:48  Drone  
  29  2:58  Zergling x2  
  29  2:59  Drone  
  31  3:08  Drone  
  32  3:19  Overlord  
  32  3:21  Drone x4  
  36  3:33  Drone  
  37  3:36  Queen  
  37  3:41  Overlord  
  39  3:47  Drone x3  
  42  4:10  Overlord  
  42  4:18  Overlord  
  42  4:19  Overlord, Drone x2  
  42  4:20  Overlord x3, Drone x3  
  47  4:27  Hatchery  
  46  4:32  Overlord, Pneumatized Carapace  
  46  4:51  Drone x4  
  50  4:53  Drone  
  51  5:02  Zergling x10  
  55  5:11  Zergling x2  
  56  5:24  Evolution Chamber  
  56  5:25  Roach Warren  
  51  5:55  Zerg Ground Armor Level 1  
  51  5:58  Overlord x2, Drone, Extractor  
  51  6:00  Zergling x18  
  59  6:12  Hatchery  
  58  6:21  Roach x3  
  52  6:51  Drone x4  
  56  6:58  Roach x3  
  56  7:12  Roach x5  
  56  7:14  Roach  
  68  7:21  Roach  
  72  7:30  Roach x5  
  72  7:34  Drone, Extractor  
  72  7:36  Extractor  
  77  7:42  Hatchery  
  77  7:43  Roach  
  77  7:44  Roach x2  
  80  7:55  Roach x2  
  80  7:56  Roach x2  
  88  8:09  Roach x3  
  94  8:19  Queen  
  96  8:35  Roach  
  96  8:36  Roach x4  
  106  8:47  Zergling x18  
  106  8:48  Extractor x2  
  113  8:53  Queen  
  113  8:54  Hatchery  
  113  8:55  Queen  
  114  8:56  Roach x2  
  114  9:22  Roach x11  
  114  9:23  Roach x3  
  140  9:26  Drone x2  
  140  9:31  Queen  
  139  9:35  Roach  
  139  9:36  Roach  
  143  9:45  Drone x2  
  143  9:46  Drone  
  142  10:12  Roach x5, Evolution Chamber  
  149  10:14  Overlord x2  
  149  10:15  Drone  
Tags
 
Add a new tag
Caveats
  • Supply blocks, unpowered buildings, or Contaminate may cause inaccurate times.
  • Supply counts are checked every 10 seconds.